 Dungeon Crawl Stone Soup version 0.31-a0-1-g4198be8af4 (webtiles) character file.

Game seed: 14738047620246604114

184 bmack86 the Chopper (level 5, -3/47 HPs)
             Began as a Minotaur Fighter on May 2, 2023.
             Was an Initiate of Okawaru.
             Slain by a sleepcap (13 damage)
             ... on level 4 of the Dungeon.
             The game lasted 00:06:02 (2648 turns).

bmack86 the Chopper (Minotaur Fighter)              Turns: 2648, Time: 00:06:03

Health: -3/47      AC:  7    Str: 23    XL:     5   Next: 36%
Magic:  4/4        EV:  2    Int:  5    God:    Okawaru [......]
Gold:   47         SH:  0    Dex:  9    Spells: 4/4 levels left

rFire   . . .        a - +0 war axe
rCold   . . .        c - +0 buckler
rNeg    . . .        b - +0 scale mail
rPois   +            (helmet restricted)
rElec   .            (no cloak)
rCorr   .            (no gloves)
SInv    .            (no boots)
Will    .....        (no amulet) Stlth
                     k - ring of poison resistance
HPRegen 0.27/turn    (no ring)
MPRegen 0.09/turn

%: no passive effects
@: sleeping
A: horns 2, retaliatory headbutt
a: Renounce Religion


You were on level 4 of the Dungeon.
You worshipped Okawaru.
Okawaru was noncommittal.
You visited 1 branch of the dungeon, and saw 4 of its levels.

You collected 47 gold pieces.

Inventory:

Hand Weapons
 a - a +0 war axe (weapon)
Missiles
 i - 6 poisoned darts
 t - 3 boomerangs (quivered)
Armour
 b - a +0 scale mail (worn)
 c - a +0 buckler (worn)
Jewellery
 k - a ring of poison resistance (left hand)
 r - a ring of positive energy
Wands
 e - a wand of mindburst (14)
Scrolls
 f - a scroll of enchant armour
 g - 2 scrolls of vulnerability
 s - a scroll of teleportation
Potions
 d - 2 potions of might
 h - a potion of heal wounds
 j - a potion of cancellation
 l - 5 potions of flight
 m - a potion of curing
 o - a potion of mutation
 q - 2 potions of brilliance {unknown}
 u - 2 potions of attraction {unknown}


   Skills:
 + Level 4.4 Fighting
 * Level 4.5 Axes
 + Level 1.6 Throwing
 + Level 4.4 Armour
 + Level 4.4 Shields
 + Level 0.1 Invocations


You had 4 spell levels left.
You didn't know any spells.
Your spell library contained the following spells:

 Spells                   Type           Power      Damage    Failure   Level
 Slow                     Hex            0%         N/A       83%         1
 Confusing Touch          Hex            0%         N/A       99%         3
 Vampiric Draining        Necr           0%         2d6       99%         3


Dungeon Overview and Level Annotations

Branches:
Dungeon (4/15)
 Temple: D:4-7

Altars:
Ashenzari
Gozag
Hepliaklqana
Kikubaaqudgha
Okawaru


Innate Abilities, Weirdness & Mutations

You have a pair of horns on your head.
You reflexively headbutt those who attack you in melee.


Message History

The steam dragon hisses angrily.
Found 20 gold pieces.
The steam dragon breathes steam at you. The ball of steam hits you!!
You are engulfed in a cloud of scalding steam.
A sleepcap comes into view.
You barely miss the steam dragon.
You are engulfed in a cloud of scalding steam.
* * * LOW HITPOINT WARNING * * *
The steam dragon breathes steam at you. The ball of steam misses you.
You hit the steam dragon but do no damage.
Your headbutt misses the steam dragon.
You are engulfed in a cloud of scalding steam.
* * * LOW HITPOINT WARNING * * *
The steam dragon bites you but does no damage.
The steam dragon barely misses you. The steam dragon closely misses you.
The steam dragon claws you.
* * * LOW HITPOINT WARNING * * *
You feel much better.
You are engulfed in a cloud of scalding steam.
You block the steam dragon's attack. The steam dragon claws you.
You hit the steam dragon.
The steam dragon is lightly wounded.
You block the steam dragon's attack. The steam dragon claws you.
You closely miss the steam dragon.
The steam dragon bites you but does no damage.
You block the steam dragon's attack.
You closely miss the steam dragon. You hit the sleepcap but do no damage.
The sleepcap barely misses you. You furiously retaliate!
You headbutt the sleepcap, but do no damage.
The steam dragon bites you. The steam dragon claws you.
* * * LOW HITPOINT WARNING * * *
The steam dragon closely misses you. The steam dragon barely misses you.
The sleepcap releases spores at you.
* * * LOW HITPOINT WARNING * * *
You are engulfed in a cloud of soporific spores!
You fall asleep.
The sleepcap releases spores at you!
You die...

#..###.....##..##
#.#
##..#....####..#
#.# ##.....##
#..# . #.#
###.#.# #..# ..
..# #...# #..# .#
### ###.#####..#
..#. #........#
....
#..#####.#..##
#..# #..@f...#
#..#..$#D#.#.#
#..#............
.....#.#.#.#.###
##.##.#.........
#... ..#.#.#.###
# .#........
..#.##.#####


You could see a steam dragon and a sleepcap.

Vanquished Creatures
  An iguana (D:3)
  Jessica (D:3)
  7 adders
  2 worms
  A dart slug (D:1)
  3 orcs
  6 ball pythons
  5 endoplasms
  3 giant cockroaches
  3 goblins (D:2)
  5 hobgoblins
  2 jackals (D:4)
  4 kobolds
  4 quokkas
  6 bats
  2 frilled lizards
  A rat (D:2)
56 creatures vanquished.

Notes
Turn   | Place    | Note
-------+----------+-------------------------------------------
     0 | D:1      | bmack86 the Minotaur Fighter began the quest for the Orb.
     0 | D:1      | Reached XP level 1. HP: 19/19 MP: 0/0
   179 | D:1      | Reached XP level 2. HP: 27/27 MP: 1/1
   646 | D:2      | Reached XP level 3. HP: 33/33 MP: 2/2
  1576 | D:3      | Reached skill level 1 in Throwing
  1576 | D:3      | Reached XP level 4. HP: 22/40 MP: 3/3
  1832 | D:3      | Noticed Jessica
  1845 | D:3      | Killed Jessica
  1846 | D:3      | Reached XP level 5. HP: 29/47 MP: 4/4
  1921 | D:3      | Found an ancient bone altar of Kikubaaqudgha.
  1976 | D:3      | Found a broken altar of Ashenzari.
  2034 | D:3      | Found a hazy altar of Hepliaklqana.
  2063 | D:3      | Found an iron altar of Okawaru.
  2089 | D:3      | Became a worshipper of Warmaster Okawaru
  2483 | D:4      | Found an opulent altar of Gozag.
  2639 | D:4      | Noticed a steam dragon
  2648 | D:4      | Slain by a sleepcap

Illustrated notes

Levels and vault maps discovered:
D:1:      erik_arrival_triangle_small, layout_basic
D:2:      layout_basic, minmay_misc_feat_secret_circle
D:3:      layout_basic, gammafunk_temple_overflow_forgotten,
          mainiacjoe_overflow_surrounded_room, minmay_misc_feat_four_crosses,
          uniq_jessica
D:4:      layout_basic, tso_oasis_becter, mainiacjoe_overflow_cross_hatched,
          temple_statues, glass_columns_b

Skill      XL: |  1  2  3  4 |
---------------+-------------+-----
Axes           | 3 4 |  4.5
Armour         | 4 |  4.4
Fighting       | 4 |  4.4
Shields        | 4 |  4.4
Throwing       | 1 |  1.6
Invocations    | |  0.1

Action                     |  1- 3 |  4- 6 || total
---------------------------+-------+-------++-------
  Melee: War axe           |    67 |    82 ||   149
         Headbutt          |     5 |    10 ||    15
  Throw: Boomerang         |       |     3 ||     3
    Use: Scroll            |     6 |     5 ||    11
         Potion            |       |     1 ||     1
 Armour: Scale mail        |    33 |    42 ||    75
  Dodge: Dodged            |    40 |    59 ||    99
  Block: Buckler           |     9 |    24 ||    33

Table legend: (Time is in decaauts)
 A = Elapsed time spent in this place.
 B = Non-inter-level travel time spent in this place.
 C = Inter-level travel time spent in this place.
 D = Time resting spent in this place.
 E = Time spent auto-exploring this place.
 F = Levels seen in this place.
 G = Mean time per level.
                   A        B        C        D        E       F      G
               +--------+--------+--------+--------+--------+-----+--------+
         Total |   2700 |   2653 |     47 |     73 |   1943 |   4 |  675.0 |
       Dungeon |   2700 |   2653 |     47 |     73 |   1943 |   4 |  675.0 |
               +--------+--------+--------+--------+--------+-----+--------+

Top non-repeatable levels by time:
     D:2: 978 daAuts
     D:3: 796 daAuts
     D:1: 610 daAuts
     D:4: 315 daAuts
